 Dungeon Crawl Stone Soup version 0.31-a0-876-gfe8ebadbca (webtiles) character file.

Game seed: 15230771580450454979

1404 jasper the Thaumaturge (level 8, 0/48 HPs)
             Began as a Deep Elf Venom Mage on Oct 13, 2023.
             Was an Initiate of Ashenzari.
             Succumbed to a scorpion's poison
             ... on level 6 of the Dungeon.
             The game lasted 00:13:47 (6445 turns).

jasper the Thaumaturge (Deep Elf Venom Mage)        Turns: 6445, Time: 00:13:47

Health: 0/48       AC:  4    Str:  5    XL:     8   Next: 42%
Magic:  15/22      EV: 15    Int: 27    God:    Ashenzari [......]
Gold:   52         SH:  0    Dex: 15    Spells: 7/23 levels left

rFire   + . .        n - +2 flail
rCold   . . .        (no shield)
rNeg    . . .        v - +0 robe of Oforeym {rF+ rCorr Int+4}
rPois   .            k - +0 helmet
rElec   .            r - +0 cloak "Share My Secrets" {Fort, Dev} (curse)
rCorr   +            (no gloves)
SInv    .            (no boots)
Will    ++...        (no amulet)
Stlth   ++           j - +4 ring of slaying
HPRegen 0.28/turn    g - ring of willpower
MPRegen 0.18/turn

%: no passive effects
@: lethally poisoned (0 -> -7), enlightened, flying, very slightly contaminated
A: no striking features
a: Renounce Religion, Shatter the Chains


You were on level 6 of the Dungeon.
You worshipped Ashenzari.
Ashenzari was noncommittal.
You visited 1 branch of the dungeon, and saw 6 of its levels.

You collected 237 gold pieces.
You spent 185 gold pieces at shops.

Inventory:

Hand Weapons
 n - a +2 flail (weapon)
Missiles
 l - 33 stones
 m - 2 silver javelins
 x - 6 datura-tipped darts
 A - 2 curare-tipped darts
Armour
 a - a +0 robe
 k - a +0 helmet (worn)
 r - the cursed +0 cloak "Share My Secrets" (worn) {Fort, Dev}
   (You took it off Crazy Yiuf on level 3 of the Dungeon)

   It has a curse which improves the following skills: Fortitude: Armour and
   Shields.
   Devices:   Evocations and Shapeshifting.
 t - a +0 kite shield
 v - the +0 robe of Oforeym (worn) {rF+ rCorr Int+4}
   (You found it on level 4 of the Dungeon)

   Int+4:     It affects your intelligence (+4).
   rF+:       It protects you from fire.
   rCorr:     It protects you from acid and corrosion.
 y - an orb of energy
Jewellery
 e - an amulet of guardian spirit
 g - a ring of willpower (right hand)
 j - a +4 ring of slaying (left hand)
 B - an amulet of magic regeneration
Talismans
 f - a beast talisman
 p - a serpent talisman
Wands
 q - a wand of flame (10)
Scrolls
 d - 5 scrolls of teleportation
 s - 2 scrolls of blinking
 z - a scroll of identify {unknown}
Potions
 b - 2 potions of magic
 c - 2 potions of enlightenment
 h - a potion of lignification {unknown}
 i - 2 potions of brilliance {unknown}
 o - 5 potions of curing {unknown}
 u - a potion of mutation {unknown}
 w - a potion of haste {unknown}


   Skills:
 + Level 4.1 Fighting
 + Level 6.6 Dodging
 - Level 2.4 Stealth
 - Level 8.0 Spellcasting
 - Level 1.1 Transmutations
 + Level 2.0 Fire Magic
 + Level 1.8 Air Magic
 - Level 5.0 Poison Magic
 - Level 0.4(0.6) Evocations


You had 7 spell levels left.
You knew the following spells:

 Your Spells              Type           Power      Damage    Failure   Level
a - Sting                 Tmut/Pois      100%       1d8       1%          1
b - Poisonous Vapours     Pois/Air       58%        N/A       1%          2
c - Mephitic Cloud        Conj/Pois/Air  23%        N/A       6%          3
d - Olgreb's Toxic Radia  Pois           37%        N/A       7%          4
e - Plasma Beam           Fire/Air       10%        2x1d21    98%         6

Your spell library contained the following spells:

 Spells                   Type           Power      Damage    Failure   Level
 Vhi's Electric Charge    Tloc/Air       30%        N/A       36%         4
 Arcjolt                  Conj/Air       7%         1d17      71%         5


Dungeon Overview and Level Annotations

Branches:
Dungeon (6/15)             Temple (0/1) D:6

Altars:
Ashenzari
Dithmenos
Elyvilon
Fedhas
Hepliaklqana
Makhleb
Trog
The Shining One

Shops:
D:4 (   D:6 ?[


Message History

Casting: Poisonous Vapours (safe; 1% risk of failure)
Confirm with . or Enter, or press ? or * to list all spells.
You miscast Olgreb's Toxic Radiance.
You are very lightly contaminated with residual magic.
You feel incredibly sick!
You are poisoned.
You feel sick.
The scorpion stings you but does no damage.
The white imp gestures at you. The puff of frost hits you!
You take 19 damage, and have 20/48 hp.
MASSIVE DAMAGE!!
You now have 18/22 mp.
There are monsters nearby!
Casting: Olgreb's Toxic Radiance (dangerous; 7% risk of failure)
Confirm with . or Enter, or press ? or * to list all spells.
You begin to radiate toxic energy.
The scorpion is poisoned.
You feel sick. The scorpion stings you. The white imp gestures at you.
The puff of frost misses you. The scorpion closely misses you.
You take 5 damage, and have 15/48 hp.
You now have 14/22 mp.
You barely miss the white imp.
The orc is poisoned.
Your toxic aura wanes.
You feel sick. The white imp hits you.
* * * LOW HITPOINT WARNING * * *
The white imp freezes you.
* * * LOW HITPOINT WARNING * * *
The scorpion closely misses you. The white imp gestures at you.
The puff of frost misses you.
You take 7 damage, and have 8/48 hp.
You barely miss the white imp.
You feel sick. The scorpion stings you.
* * * LOW HITPOINT WARNING * * *
You are lethally poisoned!
The scorpion poisons you! The white imp barely misses you.
The scorpion stings you.
* * * LOW HITPOINT WARNING * * *
You take 6 damage, and have 2/48 hp.
It was a potion of enlightenment.
You feel very buoyant.
You fly up into the air.
You die...

.............##
#.....................<..
#...................##.##
#...............#.######
#...............#.+ .
#.................# #.
#...............)# #.##.
#....s#.......#.###.#..
#5@######.#..##.#.#
##......#..........
###...............
#.................
##.................
#..................
#..........)..†...†
#...........).[....
#.........)...≈≈≈≈≈


You could see a scorpion (poisoned) and a white imp.

Vanquished Creatures
  3 black bears
  3 ogres
  2 scorpions (D:6)
  A howler monkey (D:5)
  3 orc priests
  2 jellies
  A gnoll bouda (D:6)
  3 hounds
  Crazy Yiuf (D:3)
  4 iguanas
  Jessica (D:3)
  Natasha (twice) (D:2)
  An orc wizard (D:3)
  6 gnolls
  7 adders
  A shadow imp (D:3)
  An ufetubus (D:5)
  2 worms
  A dart slug (D:1)
  11 orcs
  5 endoplasms
  5 giant cockroaches
  5 goblins
  6 hobgoblins
  6 jackals
  4 quokkas
  3 ball pythons
  7 bats
  6 kobolds
  2 rats
105 creatures vanquished.

Notes
Turn   | Place    | Note
-------+----------+-------------------------------------------
     0 | D:1      | jasper the Deep Elf Venom Mage began the quest for the Orb.
     0 | D:1      | Reached XP level 1. HP: 10/10 MP: 6/6
   550 | D:1      | Reached XP level 2. HP: 15/15 MP: 4/8
   553 | D:1      | Learned a level 2 spell: Poisonous Vapours
   925 | D:2      | Found a white marble altar of Elyvilon.
  1190 | D:2      | Reached skill level 4 in Spellcasting
  1252 | D:2      | Reached XP level 3. HP: 14/19 MP: 8/10
  1256 | D:2      | Learned a level 3 spell: Mephitic Cloud
  1934 | D:2      | Noticed Natasha
  1941 | D:2      | Killed Natasha
  1942 | D:2      | Reached XP level 4. HP: 22/24 MP: 6/12
  1947 | D:2      | Learned a level 4 spell: Olgreb's Toxic Radiance
  2075 | D:2      | Noticed Natasha
  2086 | D:2      | Killed Natasha
  2087 | D:2      | Reached skill level 5 in Spellcasting
  2207 | D:3      | Noticed Jessica
  2252 | D:3      | Killed Jessica
  2428 | D:3      | Found a blossoming altar of Fedhas.
  2428 | D:3      | Found a broken altar of Ashenzari.
  2544 | D:3      | Reached XP level 5. HP: 28/28 MP: 10/14
  2732 | D:3      | Reached skill level 5 in Poison Magic
  2734 | D:3      | Reached skill level 1 in Fighting
  3153 | D:3      | Found a runed translucent door.
  3154 | D:3      | Noticed Crazy Yiuf
  3479 | D:3      | Killed Crazy Yiuf
  3672 | D:4      | Reached XP level 6. HP: 34/34 MP: 11/16
  3758 | D:4      | Reached skill level 6 in Spellcasting
  3827 | D:4      | Found a glowing golden altar of the Shining One.
  4001 | D:4      | Identified the +0 robe of Oforeym {rF+ rCorr Int+4}
  4103 | D:4      | Found a burning altar of Makhleb.
  4649 | D:4      | Found a bloodstained altar of Trog.
  4659 | D:4      | Reached XP level 7. HP: 34/40 MP: 10/19
  4740 | D:4      | Found Hoyqug's Weapon Shoppe.
  4745 | D:4      | Bought 6 datura-tipped darts for 59 gold pieces
  4750 | D:4      | Found a hazy altar of Hepliaklqana.
  4826 | D:5      | Entered Level 5 of the Dungeon
  4840 | D:5      | Reached skill level 5 in Dodging
  4840 | D:5      | Reached skill level 7 in Spellcasting
  5193 | D:3      | Became a worshipper of Ashenzari the Shackled
  5299 | D:5      | Learned a level 6 spell: Plasma Beam
  5393 | D:5      | Found a shadowy altar of Dithmenos.
  5947 | D:5      | Reached skill level 8 in Spellcasting
  5947 | D:5      | Reached XP level 8. HP: 41/48 MP: 14/22
  6169 | D:6      | Found Hilim's Antique Armour Shop.
  6192 | D:6      | Found Vasaussu's Magic Scroll Emporium.
  6202 | D:6      | Bought a scroll of blinking for 90 gold pieces
  6202 | D:6      | Bought a scroll of teleportation for 36 gold pieces
  6232 | D:6      | Reached skill level 1 in Fire Magic
  6232 | D:6      | Reached skill level 1 in Air Magic
  6267 | D:6      | Found a staircase to the Ecumenical Temple.
  6444 | D:6      | HP: 2/48 [scorpion (3)]
  6445 | D:6      | Succumbed to a scorpion's poison

Illustrated notes

Levels and vault maps discovered:
D:1:      onia_arrival_pyramid, layout_basic,
          hangedman_abyss_or_decor_lesser_grid, st_stairs_12
D:2:      layout_basic, basic_altar, uniq_natasha
D:3:      layout_basic, gammafunk_temple_overflow_elements, serial_aquarium,
          aquarium_bridge_long_joined [aquarium_subvault_bridge,
          aquarium_subvault_window, aquarium_subvault_bridge,
          aquarium_subvault_window, aquarium_subvault_window,
          aquarium_subvault_window], aquarium_bridge_square
          [aquarium_subvault_balcony, aquarium_subvault_window,
          aquarium_subvault_bridge, aquarium_subvault_bridge],
          aquarium_window_double, aquarium_window_2, aquarium_window_fake,
          aquarium_view_2b, aquarium_view_2d, aquarium_pool_1, uniq_jessica,
          uniq_crazy_yiuf_cottage
D:4:      layout_basic, mainiacjoe_overflow_24_doors, general_overflow_altar,
          trog_ov_bears_minmay, worldfamousw_hep_ancestral_shrine, serial_shops,
          shop, kennysheep_generic_room_2
D:5:      black_bear_nest_1, layout_loops_cross,
          nicolae_dithmenos_through_a_glass_darkly
D:6:      layout_rooms, temple_pool_b, serial_shops,
          nicolae_shop_window_shopping, nicolae_shop_hallway_stairs,
          nicolae_diamond_shop, nicolae_shop_rolling_square

Skill      XL: |  1  2  3  4  5  6  7  8 |
---------------+-------------------------+-----
Spellcasting   | 4 5 6 8 |  8.0
Poison Magic   | 4 5 |  5.0
Dodging        | 3 4 6 |  6.6
Fighting       | 1 2 3 4 |  4.1
Fire Magic     | 2 |  2.0
Air Magic      | 1 |  1.8
Stealth        | |  2.4
Transmutations | |  1.1
Evocations     | |  0.4

Action                     |  1- 3 |  4- 6 |  7- 9 || total
---------------------------+-------+-------+-------++-------
  Melee: Flail             |    17 |    17 |    47 ||    81
         Punch             |       |       |     1 ||     1
   Cast: Sting             |    26 |    43 |    14 ||    83
         Poisonous Vapours |    19 |    39 |    27 ||    85
         Olgreb's Toxic Ra |       |     3 |    13 ||    16
         Mephitic Cloud    |       |     2 |       ||     2
 Invoke: Curse Item        |       |       |     1 ||     1
    Use: Scroll            |     6 |     1 |       ||     7
         Potion            |       |       |     1 ||     1
 Armour: Robe              |     9 |    15 |    34 ||    58
  Dodge: Dodged            |    17 |    20 |    53 ||    90

Table legend: (Time is in decaauts)
 A = Elapsed time spent in this place.
 B = Non-inter-level travel time spent in this place.
 C = Inter-level travel time spent in this place.
 D = Time resting spent in this place.
 E = Time spent auto-exploring this place.
 F = Levels seen in this place.
 G = Mean time per level.
                   A        B        C        D        E       F      G
               +--------+--------+--------+--------+--------+-----+--------+
         Total |   6478 |   6120 |    358 |    542 |   4628 |   6 | 1079.7 |
       Dungeon |   6478 |   6120 |    358 |    542 |   4628 |   6 | 1079.7 |
               +--------+--------+--------+--------+--------+-----+--------+

Top non-repeatable levels by time:
     D:4: 1514 daAuts
     D:3: 1435 daAuts
     D:2: 1309 daAuts
     D:5: 971 daAuts
     D:1: 902 daAuts
     D:6: 345 daAuts
